 Dungeon Crawl Stone Soup version 0.30.1-4-g462c640d31 (webtiles) character file.

Game seed: 4990076881554350725

28786 Peloso the Carver (level 13, -7/95 HPs)
             Began as a Minotaur Fighter on Aug 21, 2023.
             Was a High Priest of Okawaru.
             Mangled by a dire elephant (20 damage)
             ... on level 3 of the Abyss.
             The game lasted 00:33:03 (14446 turns).

Peloso the Carver (Minotaur Fighter)               Turns: 14446, Time: 00:33:04

Health: -7/95      AC: 18    Str: 16 (17) XL:     13   Next: 11%
Magic:  10/10      EV: 10    Int: -1 (1)  God:    Okawaru [*****.]
Gold:   917        SH:  7    Dex: 15      Spells: 12/12 levels left

rFire   + . .        a - +1 falchion
rCold   . . .        d - +0 buckler
rNeg    . . .        k - +1 chain mail {rF+}
rPois   +            R - +2 hat {SInv}
rElec   .            c - +2 cloak
rCorr   .            H - +0 pair of gloves
SInv    +            h - +0 pair of boots
Will    .....        u - amulet of regeneration Stlth
                     n - ring of poison resistance
HPRegen 0.00/turn    (no ring)
MPRegen 0.12/turn

%: no passive effects
@: sick, flying, hasted and slowed, lost intelligence, unable to read
A: horns 2, retaliatory headbutt, wild magic 1, [deformed body], [deterioration
2], [dopey 2], [frail 2], [low MP 2], [screaming 2], [weak 2], [no potion heal
2], [inability to read after injury 2]
a: Renounce Religion, Heroism, Finesse, Duel


You were on level 3 of the Abyss.
You worshipped Okawaru.
Okawaru was extremely pleased with you.
You visited 4 branches of the dungeon, and saw 18 of its levels.
You visited the Abyss 2 times.

You collected 992 gold pieces.
You spent 75 gold pieces at shops.

Inventory:

Hand Weapons
 a - a +1 falchion (weapon)
Missiles
 B - a throwing net (quivered)
Armour
 c - a +2 cloak (worn)
 d - a +0 buckler (worn)
 h - a +0 pair of boots (worn)
 k - a +1 chain mail of fire resistance (worn)
 H - a +0 pair of gloves (worn)
 N - a +1 hat of stealth
 R - a +2 hat of see invisible (worn)
 U - the +6 chain mail of Repulsion {rC+ rN+ Str+3 Dex-4 Slay+2}
   (Okawaru gifted it to you on level 3 of the Abyss)

   Str:       It affects your strength (+3).
   Dex:       It affects your dexterity (-4).
   Slay:      It affects your accuracy & damage with ranged weapons and melee
   (+2).
   rC:        It protects you from cold.
   rN:        It protects you from negative energy.
Magical Staves
 b - a staff of fire
Jewellery
 n - a ring of poison resistance (left hand)
 u - an amulet of regeneration (around neck)
 y - an amulet of magic regeneration
 S - an amulet of the acrobat
 T - a +5 ring of evasion
Wands
 f - a wand of iceblast (23)
 z - a wand of digging (6)
 F - a wand of paralysis (19)
 G - a wand of polymorph (11)
 O - a wand of flame (16)
Scrolls
 e - 2 scrolls of identify
 i - 4 scrolls of teleportation
 j - 2 scrolls of poison
 l - 2 scrolls of immolation
 m - a scroll of blinking
 p - 3 scrolls of enchant weapon
 r - 2 scrolls of fear
 s - 2 scrolls of enchant armour
 w - a scroll of magic mapping {unknown}
 E - 3 scrolls of noise {unknown}
 J - a scroll of amnesia {unknown}
 M - a scroll of vulnerability {unknown}
 P - a scroll of torment {unknown}
 Q - a scroll of fog {unknown}
Potions
 g - 2 potions of might
 o - 2 potions of resistance
 q - a potion of cancellation
 t - 2 potions of brilliance
 v - 2 potions of haste
 x - 3 potions of lignification
 A - 3 potions of curing
 D - 2 potions of ambrosia
 I - 2 potions of mutation
 K - 3 potions of heal wounds
 L - a potion of attraction


   Skills:
 + Level 12.7 Fighting
 + Level 14.9 Long Blades
 + Level 13.7 Armour
 + Level 5.8 Dodging
 + Level 1.1 Stealth
 + Level 11.8 Shields
 + Level 1.5 Invocations
 + Level 0.5 Evocations


You had 12 spell levels left.
You didn't know any spells.
Your spell library contained the following spells:

 Spells                   Type           Power      Damage    Failure   Level
 Magic Dart               Conj           0%         1d3       100%        1
 Ensorcelled Hibernation  Hex/Ice        0%         N/A       100%        2
 Searing Ray              Conj           0%         2d4       100%        2
 Spider Form              Tmut/Pois      0%         N/A       100%        3
 Vhi's Electric Charge    Tloc/Air       0%         N/A       100%        3
 Anguish                  Hex/Necr       0%         N/A       100%        4
 Fulminant Prism          Conj/Hex       0%         3d5       100%        4
 Arcjolt                  Conj/Air       0%         1d10      100%        5
 Blade Hands              Tmut           0%         N/A       100%        5
 Iron Shot                Conj/Erth      0%         9d1       100%        6
 Plasma Beam              Fire/Air       0%         2x1d11    100%        6
 Animate Armour           Summ/Erth      Unusable   N/A       N/A         4

Dungeon Overview and Level Annotations

Branches:
Dungeon (12/15)            Temple (1/1) D:5            Lair (3/5) D:9
  Swamp (0/4) Lair:3       Spider (0/4) Lair:3          Orc (2/2) D:9
    Elf: Orc:2

Altars:
Ashenzari
Cheibriados
Dithmenos
Elyvilon
Fedhas
Gozag
Hepliaklqana
Kikubaaqudgha
Makhleb
Nemelex Xobeh
Okawaru
Qazlal
Ru
Sif Muna
Trog
Uskayaw
Vehumet
Wu Jian
Xom
Yredelemnul
Zin
The Shining One

Shops:
D:2 (   D:4 *   D:5 *

Portals:
Abyss: D:3

Annotations:
D:3 2 transporters, Almogavar's ghost, amateur GrFi
D:12 Urug
Lair:1 exclusion: 2 oklob plants
Abyss:3 5 runed translucent doors


Innate Abilities, Weirdness & Mutations

You have a pair of horns on your head.
You reflexively headbutt those who attack you in melee.
Your spells are a little harder to cast, but a little more powerful.
[Armour fits poorly on your strangely shaped body.]
[Your body often deteriorates upon taking damage.]
[You are very dopey. (Int -4)]
[You are very frail. (-20% HP)]
[Your magical capacity is very low. (-20% MP)]
[You frequently scream uncontrollably at your foes.]
[You are very weak. (Str -4)]
[Potions cannot restore your health.]
[You sometimes lose the ability to read scrolls when taking damage.]


Message History

You hold your ground!
The dire elephant trunk-slaps you but does no damage.
You feel ill. The dire elephant tramples you.
You hold your ground!
The dire elephant trunk-slaps you but does no damage.
The hellephant closely misses you. The hellephant bites you.
The hellephant closely misses you.
The elephant tramples you but does no damage.
You block the elephant's attack.
Unknown command.
Okay, then.
You cannot read scrolls in your current state!
Unknown command.
You hit the dire elephant but do no damage.
You headbutt the dire elephant, but do no damage.
The dire elephant is lightly wounded.
The flying skull hits you!
* * * LOW HITPOINT WARNING * * *
Unknown command.
You slash the dire elephant!
You headbutt the dire elephant, but do no damage.
The dire elephant is lightly wounded.
You block the hellephant's attack.
The hellephant bites you but does no damage.
The hellephant gores you but does no damage.
The flying skull hits you.
* * * LOW HITPOINT WARNING * * *
The dire elephant closely misses you. You furiously retaliate!
You headbutt the dire elephant. The dire elephant misses you. x2
You furiously retaliate!
You headbutt the dire elephant! You block the dire elephant's attack.
You hit the dire elephant.
You headbutt the dire elephant, but do no damage.
The dire elephant is lightly wounded.
The flying skull hits you but does no damage.
The hellephant blinks!
You block the dire elephant's attack. The dire elephant trunk-slaps you!
* * * LOW HITPOINT WARNING * * *
Your body deteriorates!
You feel weakened. The dire elephant tramples you!!
You die...

++++..⌠§§... # ≈
≈≈≈..⌠≈# .
#####§≈§.§§#.######
≈§≈§§§§≈.§⌠ ##.#. #
§..§§§§§≈≈..#.3...#
....§≈v43≈4.### .#
##zz4≈#≈≈.# ...#
##x4z#≈≈.. #...
#YY@#≈≈.#.#.#.4# φ
#8YY#≈≈.#### # .4
#..§#≈≈## 4##.
#.Y≈#≈≈# ..
#..≈#≈≈# §..≈#
...≈≈§ ≈..§≈§§


You could see a hellephant, 3 dire elephants, an elephant, a spatial vortex, an
ancient zyme, 3 hellwings, a smoke demon and 3 flying skulls.

Vanquished Creatures
  A tentacled starspawn (Abyss:3)
  Gastronok (Lair:1)
  A dire elephant (Abyss:3)
  Erolcha (D:9)
  A ghost crab (Lair:3)
  A two-headed ogre (D:10)
  A thrashing horror (Abyss:3)
  A wretched star (Abyss:3)
  An ugly thing (Abyss:3)
  A necromancer (Lair:2)
  2 starcursed masses (Abyss:3)
  A manticore (D:12)
  2 black mambas
  6 elephants (Lair:3)
  A gargoyle (D:12)
  A smoke demon (Abyss:3)
  Maggie (D:9)
  7 cane toads
  2 spectral skysharks (Lair:3)
  2 unseen horrors (D:12)
  2 komodo dragons
  A red devil (Abyss:3)
  A polar bear (Lair:2)
  A troll (D:12)
  A spectral lindwurm (Lair:3)
  9 blink frogs
  2 spectral black mambas (Lair:3)
  A spectral dream sheep (Lair:3)
  Sigmund (D:2)
  A wyvern (Lair:1)
  A shadow (D:11)
  A vampire (D:12)
  2 basilisks
  13 yaks
  3 vampire mosquitoes (D:11)
  Menkaure (D:4)
  A warg (Orc:1)
  9 water moccasins
  7 orc warriors
  3 ice beasts
  4 ogres
  3 sky beasts
  3 black bears
  6 wolves
  A centaur (D:9)
  3 kobold brigands (D:7)
  13 bullfrogs
  2 scorpions
  6 wights
  3 small abominations (Abyss:3)
  16 killer bees
  6 howler monkeys
  5 hounds
  2 jellies
  Crazy Yiuf (D:4)
  12 orc priests
  2 gnoll boudas
  2 sleepcaps
  Jessica (D:3)
  3 iguanas
  13 orc wizards
  2 yak simulacra (Lair:2)
  5 hell rats (Lair:2)
  3 polar bear simulacra (Lair:2)
  3 wolf simulacra (Lair:2)
  13 gnolls
  10 adders
  A white imp (D:7)
  2 ufetubi
  A worm (D:4)
  2 dart slugs
  66 orcs
  7 ball pythons
  7 endoplasms
  A giant cockroach (D:4)
  12 goblins
  7 hobgoblins
  3 jackals (D:4)
  2 quokkas
  4 bats
  A frilled lizard (D:1)
  17 kobolds
  3 rats
  3 river rat simulacra (Lair:2)
378 creatures vanquished.

Vanquished Creatures (others)
  8 starspawn tentacles (Abyss:3)
8 creatures vanquished.

Grand Total: 386 creatures vanquished

Notes
Turn   | Place    | Note
-------+----------+-------------------------------------------
     0 | D:1      | Peloso the Minotaur Fighter began the quest for the Orb.
     0 | D:1      | Reached XP level 1. HP: 19/19 MP: 0/0
   133 | D:1      | Reached XP level 2. HP: 26/26 MP: 1/1
   133 | D:1      | You fall into a shaft and drop 1 floor!
   190 | D:2      | Noticed Sigmund
   202 | D:2      | Killed Sigmund
   203 | D:2      | Reached skill level 3 in Long Blades
   203 | D:2      | Reached skill level 5 in Shields
   203 | D:2      | Reached XP level 3. HP: 21/35 MP: 2/2
   203 | D:2      | Reached XP level 4. HP: 24/41 MP: 3/3
   203 | D:2      | Reached XP level 5. HP: 28/47 MP: 4/4
   614 | D:2      | Reached skill level 5 in Fighting
   674 | D:2      | Reached skill level 5 in Armour
   941 | D:2      | Found Jydoiqy's Antique Weapon Boutique.
  1047 | D:1      | Reached skill level 4 in Long Blades
  1538 | D:3      | Reached XP level 6. HP: 56/56 MP: 5/5
  1754 | D:3      | Noticed Jessica
  1760 | D:3      | Killed Jessica
  1820 | D:3      | Found a one-way gate to the infinite horrors of the Abyss.
  1820 | D:3      | Noticed Almogavar's ghost (amateur GrFi)
  1827 | D:3      | Found a transporter.
  1913 | D:3      | Found a transporter.
  2251 | D:4      | Reached skill level 5 in Long Blades
  2314 | D:4      | Noticed Menkaure
  2322 | D:4      | HP: 2/56 [Menkaure (14)]
  2328 | D:4      | Killed Menkaure
  2329 | D:4      | Reached skill level 1 in Dodging
  2329 | D:4      | Reached XP level 7. HP: 12/61 MP: 6/6
  2408 | D:4      | Found Tigi's Assorted Antiques.
  2420 | D:4      | Bought a scroll labelled KUKHEMU LEAHUY for 27 gold pieces
  2420 | D:4      | Bought 2 lumpy coppery potions for 48 gold pieces
  2750 | D:4      | Reached skill level 6 in Long Blades
  2797 | D:4      | Found a runed translucent door.
  2798 | D:4      | Noticed Crazy Yiuf
  3014 | D:4      | Killed Crazy Yiuf
  3086 | D:5      | Entered Level 5 of the Dungeon
  3360 | D:5      | Reached skill level 7 in Long Blades
  3392 | D:5      | Found Afaxkuom's Elemental Accessories.
  3508 | D:5      | Reached XP level 8. HP: 70/70 MP: 7/7
  3555 | D:5      | Found a staircase to the Ecumenical Temple.
  3805 | Temple   | Entered the Ecumenical Temple
  4071 | D:6      | Reached skill level 8 in Long Blades
  4300 | D:6      | Reached skill level 9 in Long Blades
  4596 | D:7      | Reached XP level 9. HP: 67/78 MP: 8/8
  4886 | D:7      | Found a runed translucent door.
  5183 | D:7      | Found a bloodstained altar of Trog.
  5216 | D:7      | Found an ornate altar of the Wu Jian Council.
  5483 | D:7      | Reached skill level 10 in Long Blades
  5580 | D:8      | Found a stormy altar of Qazlal.
  5719 | D:8      | Found a glowing silver altar of Zin.
  5764 | D:8      | Found a glowing golden altar of the Shining One.
  5785 | D:8      | Found an iron altar of Okawaru.
  5800 | D:8      | Became a worshipper of Warmaster Okawaru
  6101 | D:9      | Found a staircase to the Lair.
  6225 | D:9      | Reached XP level 10. HP: 88/88 MP: 9/9
  6460 | D:9      | Reached * piety under Okawaru
  6461 | D:9      | Reached skill level 11 in Long Blades
  6546 | D:9      | Found an ancient bone altar of Kikubaaqudgha.
  6546 | D:9      | Found an opulent altar of Gozag.
  6610 | D:9      | Noticed Maggie
  6697 | D:9      | Reached ** piety under Okawaru
  6757 | D:9      | Reached skill level 10 in Armour
  6770 | D:9      | Killed Maggie
  6833 | D:9      | Noticed Erolcha
  6840 | Abyss:2  | Found a corrupted altar of Lugonu.
  6840 | Abyss:2  | Cast into level 2 of the Abyss (Erolcha)
  6860 | D:9      | Escaped the Abyss
  6862 | D:9      | Killed Erolcha
  6863 | D:9      | Reached skill level 12 in Long Blades
  6911 | D:9      | Found a staircase to the Orcish Mines.
  7129 | D:10     | Entered Level 10 of the Dungeon
  7536 | D:10     | Reached *** piety under Okawaru
  7687 | D:10     | Noticed a two-headed ogre
  7707 | D:10     | Killed a two-headed ogre
  7708 | D:10     | Reached skill level 1 in Stealth
  7708 | D:10     | Reached XP level 11. HP: 41/97 MP: 10/10
  8735 | Lair:1   | Entered Level 1 of the Lair of Beasts
  8755 | Lair:1   | Noticed Gastronok
  8804 | Lair:1   | Killed Gastronok
  8804 | Lair:1   | Reached **** piety under Okawaru
  9040 | Lair:1   | Reached skill level 13 in Long Blades
  9121 | Lair:1   | Reached skill level 10 in Fighting
  9311 | Lair:1   | Noticed an oklob plant
  9311 | Lair:1   | Noticed an oklob plant
 10155 | Lair:2   | Reached ***** piety under Okawaru
 10675 | Lair:2   | Reached skill level 10 in Shields
 11085 | Lair:2   | Noticed a necromancer
 11108 | Lair:2   | Killed a necromancer
 11108 | Lair:2   | Received a gift from Okawaru
 11109 | Lair:2   | Reached XP level 12. HP: 106/108 MP: 7/11
 11582 | Lair:3   | Reached skill level 1 in Invocations
 11636 | Lair:3   | Reached skill level 14 in Long Blades
 11665 | Lair:3   | Found a hole to the Spider Nest.
 11734 | Lair:3   | Reached skill level 5 in Dodging
 12339 | Lair:3   | Found a staircase to the Swamp.
 12339 | Lair:3   | Noticed a ghost crab
 12401 | Lair:3   | Killed a ghost crab
 13269 | D:12     | Noticed Urug
 13337 | Orc:1    | Entered Level 1 of the Orcish Mines
 13482 | Orc:2    | Entered Level 2 of the Orcish Mines
 13509 | Orc:2    | Noticed an orc warlord
 13804 | Abyss:3  | Cast into level 3 of the Abyss (orc warlord)
 13818 | Abyss:3  | Noticed a rakshasa
 13845 | Abyss:3  | HP: 1/112 [large abomination (7)]
 13938 | Abyss:3  | Noticed a tentacled starspawn
 14019 | Abyss:3  | Noticed a red very ugly thing
 14022 | Abyss:3  | Noticed a red very ugly thing
 14073 | Abyss:3  | Found a corrupted altar of Lugonu.
 14082 | Abyss:3  | Noticed a tentacled starspawn
 14108 | Abyss:3  | Killed a tentacled starspawn
 14108 | Abyss:3  | Identified the +6 chain mail of Repulsion {rC+ rN+ Str+3
                  | Dex-4 Slay+2} (Okawaru gifted it to you on level 3 of the
                  | Abyss)
 14108 | Abyss:3  | Received a gift from Okawaru
 14137 | Abyss:3  | Reached XP level 13. HP: 100/119 MP: 13/13
 14150 | Abyss:3  | Noticed an ironbound thunderhulk
 14150 | Abyss:3  | Noticed a cyan very ugly thing
 14152 | Abyss:3  | Noticed an ironbound thunderhulk
 14162 | Abyss:3  | Found a corrupted altar of Lugonu.
 14201 | Abyss:3  | Found a corrupted altar of Lugonu.
 14220 | Abyss:3  | Noticed a starcursed mass
 14307 | Abyss:3  | Noticed a tentacled starspawn
 14328 | Abyss:3  | Found a huge runed translucent gate.
 14328 | Abyss:3  | Found a huge runed translucent gate.
 14328 | Abyss:3  | Found a huge runed translucent gate.
 14328 | Abyss:3  | Found a huge runed translucent gate.
 14329 | Abyss:3  | Found a huge runed translucent gate.
 14338 | Abyss:3  | Noticed a dire elephant
 14338 | Abyss:3  | Noticed a dire elephant
 14338 | Abyss:3  | Noticed a hellephant
 14339 | Abyss:3  | Found a runed translucent door.
 14341 | Abyss:3  | Noticed a dire elephant
 14374 | Abyss:3  | Killed a dire elephant
 14407 | Abyss:3  | Lost intelligence.
 14435 | Abyss:3  | Found a huge runed translucent gate.
 14439 | Abyss:3  | Noticed a dire elephant
 14443 | Abyss:3  | Gained mutation: Your spells are a little harder to cast,
                  | but a little more powerful. [potion of mutation]
 14446 | Abyss:3  | Mangled by a dire elephant

Illustrated notes

Levels and vault maps discovered:
D:1:      dpeg_arrival_rooms_with_view, layout_basic
D:2:      layout_loops_ring, serial_shops, nicolae_shop_tiny_waterfront,
          uniq_sigmund
D:3:      layout_rooms, gammafunk_ghost_abyssal_escape, minivault_14,
          minmay_misc_feat_encased, grunt_ministairs_1, uniq_jessica
D:4:      layout_basic, serial_shops, nicolae_shop_tiny_waterfront,
          uniq_crazy_yiuf_cottage, uniq_menkaure
D:5:      layout_loops_cross, minmay_temple_entry_antechambers,
          nicolae_elemental_shop
D:6:      layout_loops_ring, grunt_decor_resistance
D:7:      layout_rooms, trog_antimagical, lemuel_tele_altar,
          lightli_church_of_beogh
D:8:      layout_rooms, okawaru_gym_becter, lemuel_crystal_altar, zin_academy,
          nicolae_qazlal_eye_of_the_storm, kennysheep_small_circle
D:9:      layout_stronghold, gammafunk_temple_overflow_elements,
          lair_entry_dummy, david_orc_3, serial_glass, glass_columns_b,
          glass_columns_c, minmay_misc_feat_more_columns, uniq_maggie,
          uniq_erolcha
D:10:     layout_basic
D:11:     layout_small_grid
D:12:     layout_gridville, minmay_parallelograms, uniq_urug
Temple:   nicolae_temple_great_sept
Lair:1:   minmay_lair_oklob_chamber, layout_misc_corridors, uniq_gastronok
Lair:2:   layout_cave_pods, eino_house_with_fridge
Lair:3:   layout_long_grid, nicolae_swamp_entry_spooky, dummy_spider_entry
Orc:1:    layout_caves, serial_shops, nicolae_shop_bloodbath_and_beyond
Orc:2:    st_orc_town, layout_diamond_mine
Abyss:3:  base: Orc:2, patterned_corridor, lemuel_flamethrower_3,
          hangedman_abyss_or_decor_slice, abyss_fake_exit,
          evilmike_abyss_exit_glass, hangedman_abyss_lost_library,
          hangedman_summoners_spam, base: D:14, hangedman_summoners_spam,
          minivault_26, evilmike_abyss_rune_elephants_shrine

Skill      XL: |  1  2  3  4  5  6  7  8  9 10 11 12 |
---------------+-------------------------------------+-----
Shields        | 4 5 6 7 8 10 11 | 11.8
Fighting       | 4 5 6 7 9 10 12 | 12.7
Long Blades    | 3 4 5 7 9 10 12 13 14 | 14.9
Armour         | 4 5 6 7 9 10 12 13 | 13.7
Dodging        | 1 3 4 5 |  5.8
Stealth        | 1 |  1.1
Invocations    | 1 |  1.5
Evocations     | |  0.5

Action                     |  1- 3 |  4- 6 |  7- 9 | 10-12 | 13-15 || total
---------------------------+-------+-------+-------+-------+-------++-------
  Melee: Long sword        |    28 |   131 |   446 |     2 |       ||   607
         Headbutt          |     5 |    24 |    89 |   323 |    44 ||   485
         Falchion          |       |       |       |  1207 |   101 ||  1308
 Invoke: Heroism           |       |       |       |    11 |       ||    11
  Evoke: Wand              |       |       |       |     2 |       ||     2
    Use: Potion            |       |     5 |     1 |     3 |     6 ||    15
         Scroll            |       |     7 |     2 |     9 |     4 ||    22
 Armour: Scale mail        |    20 |    30 |       |       |       ||    50
         Chain mail        |       |    67 |   234 |   615 |    51 ||   967
  Dodge: Dodged            |    10 |    57 |   170 |   455 |    36 ||   728
  Block: Buckler           |     5 |    43 |    97 |   331 |    35 ||   511
